 Dungeon Crawl Stone Soup version 0.17.1-2-g5865329 (webtiles) character file.

8153 FortyThree the Spear-Bearer (level 11, 0/94 HPs)
             Began as a Centaur Berserker on Feb 7, 2016.
             Was a High Priest of Trog.
             Slain by a basilisk (6 damage)
             ... on level 1 of the Lair of Beasts.
             The game lasted 00:25:24 (13140 turns).

FortyThree the Spear-Bearer (Centaur Berserker)    Turns: 13140, Time: 00:25:24

Health: 0/94       AC: 11    Str: 25    XL:     11   Next: 6%
Magic:  11/11      EV:  1    Int:  6    God:    Trog [*****.]
Gold:   403        SH:  0    Dex: 11    Spells: 0 memorised, 10 levels left

rFire  . . .     SeeInvis .     a - +1 spear (pierce)
rCold  + . .     Clarity  .     y - +2 scale mail {rC+}
rNeg   + + +     SustAt   .     (no shield)
rPois  ∞         Gourm    +     (no helmet)
rElec  .         Spirit   .     v - +0 cloak
rCorr  .         Warding  .     d - +1 pair of gloves
rMut   .         Stasis   .     (no barding)
MR     .....                    j - amulet of the gourmand
Stlth  ..........               G - +4 ring of strength
                                M - ring of loudness (curse)

@: lethally poisoned (0 -> 0), petrified, very quick, not resistant to hostile
enchantments, extremely unstealthy
A: hooves 3, deformed body, speed 2, tough skin 3
a: Berserk, Trog's Hand, Brothers in Arms, Burn Spellbooks, Renounce Religion


You were on level 1 of the Lair of Beasts.
You worshipped Trog.
Trog was extremely pleased with you.
You were not hungry.

You visited 2 branches of the dungeon, and saw 11 of its levels.

You collected 612 gold pieces.
You spent 209 gold pieces at shops.

Inventory:

Hand Weapons
 a - a +1 spear of piercing (weapon)
 D - a +0 glaive
Missiles
 n - 4 poisoned javelins (quivered)
Armour
 d - a +1 pair of gloves (worn)
 v - a +0 cloak (worn)
 y - a +2 scale mail of cold resistance (worn)
Jewellery
 j - an amulet of the gourmand (around neck)
 G - a +4 ring of strength (right hand)
 M - a cursed ring of loudness (left hand)
Wands
 b - a wand of fireball (11)
 h - a wand of confusion (26)
 q - a wand of flame (48)
 z - a wand of random effects (24)
 B - a wand of random effects (32)
 E - a wand of flame (16)
 H - a wand of magic darts (31)
Scrolls
 e - 5 scrolls of teleportation
 t - 3 scrolls of identify
 w - 2 scrolls of enchant weapon
 A - 2 scrolls of fog
 I - 2 scrolls of enchant armour
 K - a scroll of remove curse
 L - a scroll of holy word
Potions
 f - a potion of ambrosia
 g - a potion of lignification {unknown}
 i - 4 potions of curing
 l - 2 potions of haste {unknown}
 m - 8 potions of heal wounds {unknown}
 o - a potion of might {unknown}
 p - a potion of magic {unknown}
 r - 3 potions of agility {unknown}
 u - 2 potions of degeneration {unknown}
 x - 3 potions of flight {unknown}
 C - a potion of resistance {unknown}
 N - a potion of invisibility {unknown}
Comestibles
 c - 3 bread rations
 k - 3 meat rations
 F - 8 slices of pizza
 J - 17 fruits


   Skills:
 + Level 7.9 Fighting
 + Level 12.5 Polearms
 - Level 8.1 Throwing
 - Level 1.3 Armour
 - Level 1.3 Dodging


You had 10 spell levels left.
You didn't know any spells.

Dungeon Overview and Level Annotations

Branches:
Dungeon (10/15)            Temple (0/1) D:5            Lair (1/8) D:8
    Orc: D:9-12

Altars:
Kikubaaqudgha
Makhleb
Nemelex Xobeh
Ru
Trog
Vehumet
Xom

Shops:
D:5 [*[   D:7 [[*

Annotations:
D:10 exclusion: statue


Innate Abilities, Weirdness & Mutations

You have hooves in place of feet.
Armour fits poorly on your strangely shaped body.
You cover ground very quickly.
You have extremely tough skin (AC +3).


Message History

You feel sick. The basilisk gazes at you.
You are slowing down.
Your limbs are stiffening.
You are too injured to fight recklessly!
You hit the basilisk.
The basilisk is lightly wounded.
The basilisk bites you.
* * * LOW HITPOINT WARNING * * *
You are too injured to fight recklessly!
You closely miss the basilisk.
The basilisk is lightly wounded.
The basilisk gazes at you. You resist with some effort.
You have turned to stone.
The basilisk bites you but does no damage.
The basilisk bites you.
* * * LOW HITPOINT WARNING * * *
The basilisk barely misses you. The basilisk bites you!
You die...

.<.......,*,*,,,,.....**,******
....##...,,,,,,,,....,**,*,,,,*
....##,,,,**,,,,,...#**#,*,,,**
.....#,,,*****##....##.#,,,,,*
....###*** #.......,*,.,,**
.....P# #.....,***..,,* .....P#
####.#.##***..P*** ##...##
#P#.....#,,.l..* ....P##
##....@.##,....$* ......#
#.....l###......*
...#..#####...((.†$..(....*
....P>.##.....♣♣♣.♣♣≈≈≈..#*
###...........♣♣..♣≈≈♣♣≈.#
####.........♣♣..≈**,,,# *
###.†...#..♣♣.≈≈≈***,,* *
##.....#.....♣♣≈≈..,*,,*
#*#......###..♣♣≈≈.♣..*,,*


You could see a basilisk.

Vanquished Creatures
  3 spiny frogs (Lair:1)
  A fire drake (Lair:1)
  A blink frog (Lair:1)
  A shadow (D:9)
  5 yaks
  4 wolves (D:8)
  Eustachio (D:6)
  Grum (D:8)
  3 wargs (D:8)
  A water moccasin (Lair:1)
  3 porcupines (Lair:1)
  4 orc warriors
  2 ice beasts
  An eye of draining (D:8)
  A black bear (D:8)
  5 ogres
  A centaur (D:8)
  2 sky beasts
  4 giant frogs
  8 big kobolds
  A wyvern zombie (D:9)
  3 scorpions (D:5)
  3 killer bees (D:7)
  2 crimson imps
  A centaur zombie (D:5)
  A jelly (D:7)
  A quasit (D:7)
  2 giant frog zombies
  17 orc wizards
  A hound (D:8)
  A giant frog skeleton (D:5)
  A centaur skeleton (D:9)
  7 orc priests
  11 worker ants
  2 iguanas
  Natasha (thrice) (D:2)
  10 sheep
  A hound zombie (D:10)
  4 gnolls (D:6)
  8 adders
  An ooze (D:6)
  6 worms
  2 adder skeletons
  25 orcs
  5 ball pythons
  9 bats
  8 giant cockroaches
  9 goblins
  12 hobgoblins
  13 jackals
  10 quokkas
  8 giant geckos
  A giant gecko skeleton (D:6)
  7 giant newts
  A jackal skeleton (D:8)
  A jackal zombie (D:5)
  19 kobolds
  10 rats
279 creatures vanquished.

Notes
Turn   | Place    | Note
--------------------------------------------------------------
     0 | D:1      | FortyThree the Centaur Berserker began the quest for the Orb.
     0 | D:1      | Reached XP level 1. HP: 19/19 MP: 1/1
   189 | D:1      | Reached XP level 2. HP: 23/26 MP: 2/2
   661 | D:1      | Reached ** piety under Trog
   920 | D:2      | Reached XP level 3. HP: 27/31 MP: 3/3
  1094 | D:2      | Reached skill level 4 in Polearms
  1194 | D:2      | Noticed Natasha
  1211 | D:2      | Killed Natasha
  1211 | D:2      | Reached XP level 4. HP: 38/38 MP: 4/4
  1216 | D:2      | Noticed Natasha
  1223 | D:2      | Killed Natasha
  1261 | D:2      | Noticed Natasha
  1274 | D:2      | Killed Natasha
  1340 | D:2      | Reached *** piety under Trog
  1621 | D:3      | Reached skill level 5 in Polearms
  1820 | D:3      | Reached XP level 5. HP: 43/45 MP: 5/5
  1836 | D:3      | Found a sparkling altar of Nemelex Xobeh.
  1836 | D:3      | Found an ancient bone altar of Kikubaaqudgha.
  1837 | D:3      | Found a sacrificial altar of Ru.
  1895 | D:3      | Found a burning altar of Makhleb.
  2112 | D:4      | Noticed an ogre
  2160 | D:4      | Killed an ogre
  2160 | D:4      | Reached skill level 6 in Polearms
  2452 | D:4      | Reached XP level 6. HP: 41/51 MP: 6/6
  3315 | D:5      | Entered Level 5 of the Dungeon
  3329 | D:4      | Reached skill level 7 in Polearms
  3421 | D:4      | Reached **** piety under Trog
  3455 | D:4      | Reached XP level 7. HP: 22/57 MP: 7/7
  3776 | D:5      | Reached skill level 8 in Polearms
  3944 | D:5      | Found a staircase to the Ecumenical Temple.
  3983 | D:5      | Found Zoeben's Armour Emporium.
  4222 | D:5      | Got a spiked leather armour
  4394 | D:4      | Reached XP level 8. HP: 38/63 MP: 8/8
  4530 | D:4      | Reached skill level 9 in Polearms
  4817 | D:5      | Found Sewaosant's Armour Emporium.
  5098 | D:5      | Found Xaingawain's Assorted Antiques.
  5101 | D:5      | Bought a scroll labeled WEGRACYUM for 21 gold pieces
  5101 | D:5      | Bought a scroll labeled JEUGGI GAIVVUN for 21 gold pieces
  5101 | D:5      | Bought a copper ring for 105 gold pieces
  5107 | D:5      | Identified the +3 leather armour "Saval" {rC+ rN+} (You found it on level 5 of the Dungeon)
  6041 | D:6      | Found a radiant altar of Vehumet.
  6084 | D:6      | Found a bloodstained altar of Trog.
  6084 | D:6      | Noticed a moth of wrath
  6094 | D:6      | Reached ***** piety under Trog
  6213 | D:6      | Noticed Eustachio
  6237 | D:6      | Killed Eustachio
  6237 | D:6      | Reached skill level 5 in Fighting
  6492 | D:6      | Found a shimmering altar of Xom.
  6702 | D:7      | Reached skill level 10 in Polearms
  6775 | D:7      | Reached XP level 9. HP: 65/75 MP: 9/9
  7095 | D:7      | Found Faxevupn's Antique Armour Emporium.
  7115 | D:7      | Found Behasod's Antique Armour Emporium.
  7179 | D:7      | Found Sapn's Assorted Antiques.
  7195 | D:7      | Bought a scroll labeled FOACIX VAIFRI for 31 gold pieces
  7195 | D:7      | Bought a scroll labeled BUKHATZEDGHY for 31 gold pieces
  7507 | D:8      | Found a staircase to the Lair.
  7846 | D:8      | Received a gift from Trog
  7891 | D:8      | Reached skill level 1 in Throwing
  8180 | D:8      | Found a sacrificial altar of Ru.
  8458 | D:8      | Reached skill level 11 in Polearms
  8774 | D:8      | Received a gift from Trog
  8967 | D:9      | Noticed Grum
  9044 | D:8      | Reached XP level 10. HP: 54/86 MP: 10/10
  9047 | D:8      | Reached skill level 5 in Throwing
  9240 | D:8      | Killed Grum
 10837 | D:10     | Entered Level 10 of the Dungeon
 11474 | D:10     | Noticed an archer statue
 11600 | D:10     | Reached skill level 12 in Polearms
 11635 | D:10     | Noticed a three-headed hydra
 11979 | Lair:1   | Entered Level 1 of the Lair of Beasts
 13096 | Lair:1   | Reached XP level 11. HP: 79/94 MP: 11/11
 13140 | Lair:1   | Slain by a basilisk

Action                   |  1- 3 |  4- 6 |  7- 9 | 10-12 || total
-------------------------+-------+-------+-------+-------++-------
Melee: Spear             |   143 |   277 |   698 |   427 ||  1545
Throw: Javelin           |       |       |       |     8 ||     8
Invok: Burn Spellbooks   |       |     1 |     1 |       ||     2
       Berserk           |       |       |     4 |     3 ||     7
       Trog's Hand       |       |       |     3 |     1 ||     4
  Use: Scroll            |     2 |     3 |    11 |     1 ||    17
       Potion            |       |       |     2 |     5 ||     7
  Eat: Chunk             |    11 |     1 |    21 |     5 ||    38
       Bread ration      |       |       |       |     2 ||     2
       Beef jerky        |       |       |       |     2 ||     2
